[Event "Early-Titled-Tuesday-Blitz-March-12-2024"]
[Site "Chess.com"]
[Date "2024.03.12"]
[Round "8"]
[White "enriquebutti"]
[Black "emeli_chess"]
[Result "1-0"]
[WhiteElo "2233"]
[BlackElo "2382"]
[TimeControl "180+1"]
[EndTime "9:26:19 PDT"]
[Termination "enriquebutti won on time"]

1. d4 Nf6 2. Nf3 d5 3. c4 e6 4. Nc3 Bb4 5. cxd5 exd5 6. Bg5 h6 7. Bh4 c5 8. Bxf6 Qxf6 9. dxc5 Bxc3+ 10. bxc3 Qxc3+ 11. Nd2 O-O 12. Rc1 Qa5 13. e3 Qxa2 14. Bd3 Qa3 15.
Nb1 Qa5+ 16. Nc3 Qxc5 17. Nxd5 Qa5+ 18. Nc3 Nc6 19. O-O Be6 20. f4 Rfd8 21. Qe2 Bg4 22.
Qxg4 Rxd3 23. Ne4 Rxe3 24. Ng3 g6 25. Rxc6 bxc6 26. f5 g5 27. h4 f6 28. Nh5 Kf7 29.
hxg5 hxg5 30. Qd4 Re5 31. Rc1 1-0

[Event "Early-Titled-Tuesday-Blitz-March-12-2024"]
[Site "Chess.com"]
[Date "2024.03.12"]
[Round "8"]
[White "David_ATM"]
[Black "imdvb6307"]
[Result "0-1"]
[WhiteElo "2367"]
[BlackElo "2490"]
[TimeControl "180+1"]
[EndTime "9:26:20 PDT"]
[Termination "imdvb6307 won on time"]

1. e4 Nc6 2. d4 d5 3. exd5 Qxd5 4. Nf3 e5 5. Be3 Bg4 6. Be2 e4 7. Ng1 Bf5 8. c4 Qa5+ 9. Nc3 O-O-O 10. Bg4 Bxg4 11. Qxg4+ f5 12. Qd1 Nxd4 13. Bxd4 c5 14. Be3 Rxd1+ 15. Rxd1 Be7 16. Ne2 Bf6 17. O-O Ne7 18. Nd5 Nxd5 19. Rxd5 b6 20. Rxf5 Qxa2 21. Ng3 Qxc4 22. Rc1 Qd3 23. h3 Bxb2 24. Re1 g6 25. Rf4 Be5 26. Rg4 Bc3 27. Re2 Re8 28.
Bf4 Bd4 29. Bg5 e3 30. fxe3 Bxe3+ 31. Bxe3 Rxe3 32. Rxe3 Qxe3+ 33. Kh2 Qe5 34. Re4 Qd6 35. Re8+ Kd7 36. Rh8 h5 37. Rh7+ Kc6 38. h4 a5 39.
Kh3 a4 40. Rh8 b5 41. Rc8+ Kb7 42.
Re8 a3 0-1

[Event "Early-Titled-Tuesday-Blitz-March-12-2024"]
[Site "Chess.com"]
[Date "2024.03.12"]
[Round "8"]
[White "Kielinkei"]
[Black "Defend1r"]
[Result "1-0"]
[WhiteElo "2585"]
[BlackElo "2726"]
[TimeControl "180+1"]
[EndTime "9:26:21 PDT"]
[Termination "Kielinkei won by checkmate"]

1. c4 Nf6 2. g3 e6 3. Bg2 d5 4. Nf3 dxc4 5. O-O Be7 6. Ne5 Qd4 7. Nf3 Qc5 8. b3 cxb3 9. Ba3 b2 10. Bxb2 Qb6 11.
Bc3 c5 12. d4 Nc6 13. dxc5 Qxc5 14. Nd4 O-O 15. Nxc6 bxc6 16. Qc1 Ba6 17. Bb2 Bxe2 18. Qxc5 Bxc5 19. Rc1 Bb6 20. Nc3 Bb5 21. Nxb5 cxb5 22. Bxa8 Rxa8 23. Bxf6 gxf6 24. Rc6 Rd8 25. Rac1 Rd3 26.
R1c3 Rd1+ 27. Kg2 Rb1 28. Rc2 Rb4 29. h4 Kg7 30. h5 f5 31. Rd6 f4 32. g4 h6 33. Rd7 e5 34. Rc6 Rb2 35. g5 Rxf2+ 36. Kh3 Rf3+ 37. Kh2 hxg5 38. h6+ Kh8 39. Rxf7 Rd3 40.
Rc8+ Rd8 41. Rxd8+ Bxd8 42. Rf8+ Kh7 43. Rxd8 e4 44.
Re8 e3 45. Kg2 g4 46. Re4 f3+ 47. Kf1 e2+ 48. Kf2 Kxh6 49. Rxg4 a5 50. Rf4 Kg5 51. Rxf3 Kg4 52. Rb3 b4 53. Kxe2 Kf4 54. a3 Ke5 55. axb4 a4 56. Ra3 Ke4 57. Rxa4 Kd4 58. Ra8 Kc4 59. Rb8 Kd5 60. Kd3 Kc6 61. Kc4 Kc7 62. Rh8 Kc6 63. Rh6+ Kb7 64. Kb5 Kc7 65. Ka6 Kd7 66.
b5 Kc7 67. b6+ Kc8 68. b7+ Kc7 69. Ka7 Kd7 70. b8=Q Ke7 71. Qb7+ Kf8 72. Rh8# 1-0

[Event "Early-Titled-Tuesday-Blitz-March-12-2024"]
[Site "Chess.com"]
[Date "2024.03.12"]
[Round "8"]
[White "ActorXu"]
[Black "PLAYER_2006_M"]
[Result "0-1"]
[WhiteElo "2861"]
[BlackElo "2989"]
[TimeControl "180+1"]
[EndTime "9:26:22 PDT"]
[Termination "PLAYER_2006_M won by resignation"]

1. e4 e5 2. Nf3 Nf6 3. Nxe5 d6 4. Nf3 Nxe4 5. Bd3 Nf6 6. O-O Be7 7. Re1 O-O 8. h3 d5 9. Bf1 Bd6 10. d4 Ne4 11.
Nbd2 Bf5 12. Bd3 Re8 13. Nf1 Bg6 14. Be3 Nd7 15. c3 c6 16. Qc2 Nf8 17. N3d2 Nxd2 18. Qxd2 Qd7 19. Bxg6 Nxg6 20. Qd3 Re4 21. f3 Re6 22.
Bd2 Rae8 23. Rxe6 fxe6 24. Re1 e5 25. dxe5 Nxe5 26. Qb1 Nc4 27. b3 Nxd2 28. Nxd2 Be5 29. Qd3 b5 30. b4 Bg3 31. Rxe8+ Qxe8 32. Nf1 Bc7 33. g4 Qe5 34. Kg2 Bb6 35. Qd2 g6 36. Ng3 Bc7 37. Nf1 Kf7 38. h4 a5 39. a3 a4 40. Kf2 Qf6 41. Qh6 Kg8 42. h5 Bf4 0-1

[Event "Early-Titled-Tuesday-Blitz-March-12-2024"]
[Site "Chess.com"]
[Date "2024.03.12"]
[Round "8"]
[White "maciek_92"]
[Black "Eloist"]
[Result "1-0"]
[WhiteElo "2886"]
[BlackElo "2429"]
[TimeControl "180+1"]
[EndTime "9:26:29 PDT"]
[Termination "maciek_92 won on time"]

1. Nc3 d5 2. e3 e5 3. Nf3 e4 4. Nd4 c5 5. Nde2 Nf6 6. d4 exd3 7. cxd3 d4 8. Ne4 Nxe4 9. dxe4 Nc6 10. Ng3 Be7 11.
Bc4 O-O 12. O-O Be6 13. Bb5 Qb6 14. a4 Rad8 15. Qe2 a6 16. Bxc6 bxc6 17. f4 d3 18.
Qf2 c4 19. f5 Bc8 20. e5 Bg5 21. Ne4 d2 22. Nxg5 d1=Q 23. f6 Qg4 24. h4 h6 25.
fxg7 Kxg7 26. Qf6+ Kg8 27. Qxh6 Bf5 28. Kh2 Qc7 29.
e4 Qxe5+ 30. Bf4 Qg7 31. Qxg7+ Kxg7 32. exf5 Qxh4+ 33. Nh3 Rd3 34. f6+ Kg6 35. Rae1 Rfd8 36. Re5 R3d4 37. Rg5+ Kh7 38. Rg7+ 1-0

[Event "Early-Titled-Tuesday-Blitz-March-12-2024"]
[Site "Chess.com"]
[Date "2024.03.12"]
[Round "8"]
[White "Peng_Li-Min"]
[Black "KuzubovYuriy"]
[Result "0-1"]
[WhiteElo "2808"]
[BlackElo "2925"]
[TimeControl "180+1"]
[EndTime "9:26:31 PDT"]
[Termination "KuzubovYuriy won by resignation"]

1. d4 Nf6 2. c4 e6 3. Nc3 d5 4. Nf3 a6 5. cxd5 exd5 6. Bg5 Be6 7. Qb3 Nbd7 8. e3 Rb8 9. Rd1 Bd6 10. Qc2 h6 11.
Bh4 c6 12. Bd3 Qe7 13. a3 O-O 14. O-O Rfe8 15. e4 g5 16. e5 gxh4 17. exd6 Qxd6 18. Nxh4 Kh8 19. f4 Bg4 20. Rd2 Rg8 21. Kh1 Qe7 22. Nf5 Bxf5 23. Bxf5 Rbe8 24. Re2 Qd6 25. g3 Rxe2 26.
Qxe2 Re8 27. Qf2 Nf8 28. Re1 Rxe1+ 29. Qxe1 Ne6 30. Qe5 Qxe5 31. dxe5 Nd7 32. b4 Nb6 33. Bxe6 fxe6 34. Ne2 Kg7 35. Nd4 Kf7 36. g4 Nc4 37. a4 a5 38. bxa5 Nxa5 39. f5 exf5 40. gxf5 Nc4 41. e6+ Kf6 42. Kg2 Nd6 43. Kf3 c5 44. e7 cxd4 0-1

[Event "Early-Titled-Tuesday-Blitz-March-12-2024"]
[Site "Chess.com"]
[Date "2024.03.12"]
[Round "8"]
[White "zenitushka"]
[Black "santosalberto1987"]
[Result "0-1"]
[WhiteElo "2298"]
[BlackElo "2578"]
[TimeControl "180+1"]
[EndTime "9:26:32 PDT"]
[Termination "santosalberto1987 won by checkmate"]

1. d4 Nf6 2. f3 d5 3. e4 dxe4 4. Nc3 c5 5. d5 e3 6. Bxe3 a6 7. Bxc5 Bf5 8. Nge2 e5 9. Bxf8 Kxf8 10. Ng3 Bg6 11. Bc4 b5 12. Bb3 Nbd7 13. O-O Nb6 14. Re1 b4 15. Na4 Nxa4 16. Bxa4 Qd6 17. Qe2 Nxd5 18.
Qxe5 Qxe5 19. Rxe5 Nb6 20. Bb3 a5 21. a4 Nd7 22.
Rb5 Ke7 23. Re1+ Kf6 24. Rb7 Rhd8 25. Ne4+ Bxe4 26. Rxe4 g5 27. h4 h6 28. hxg5+ hxg5 29. f4 g4 30. Rd4 Ke7 31. Bc4 Rab8 32. Rdxd7+ Rxd7 33. Rxb8 Rd2 34. Bb3 g3 35. Rg8 Rd1# 0-1

[Event "Early-Titled-Tuesday-Blitz-March-12-2024"]
[Site "Chess.com"]
[Date "2024.03.12"]
[Round "8"]
[White "Switzerlamb"]
[Black "Aygehovit1992"]
[Result "0-1"]
[WhiteElo "2564"]
[BlackElo "2729"]
[TimeControl "180+1"]
[EndTime "9:26:33 PDT"]
[Termination "Aygehovit1992 won by resignation"]

1. Nf3 Nf6 2. c4 c5 3. Nc3 Nc6 4. d4 cxd4 5. Nxd4 e6 6. g3 Bc5 7. Nb3 Bb4 8. Bd2 a5 9. Bg2 a4 10. Nc1 a3 11. b3 d5 12. cxd5 exd5 13. Nd3 Bf5 14. O-O Bxd3 15. exd3 O-O 16. Rc1 h6 17. Re1 d4 18. Ne4 Nd5 19. Rc4 Qa5 20. Bxb4 Ndxb4 21.
Qd2 Nxd3 22. Ra1 Qxd2 23. Nxd2 Nde5 24. Rc5 Rfd8 25. Rb5 Ra7 26. f4 Ng4 27. Bxc6 bxc6 28. Rc5 Ra6 29. Rac1 Rd6 30. Nc4 Re6 31. h3 Nf6 32.
Ne5 Ne4 33. Rxc6 Raxc6 34. Rxc6 Rxc6 35. Nxc6 d3 36. Kf1 Nc3 37. Ke1 Nxa2 38. Kd2 Nc3 39. Nb4 a2 40. Nxa2 Nxa2 41. Kxd3 Kf8 42. Kc4 Ke7 43.
b4 Kd6 44. b5 Nc1 45. g4 Ne2 46. f5 Nf4 47. b6 Nxh3 48. b7 Kc7 49. Kd5 Nf2 0-1

[Event "Early-Titled-Tuesday-Blitz-March-12-2024"]
[Site "Chess.com"]
[Date "2024.03.12"]
[Round "8"]
[White "BestStelker"]
[Black "DrRiebert"]
[Result "1-0"]
[WhiteElo "2719"]
[BlackElo "2429"]
[TimeControl "180+1"]
[EndTime "9:26:33 PDT"]
[Termination "BestStelker won on time"]

1. Nf3 Nf6 2. c4 c6 3. e3 d5 4.
d4 a6 5. Nc3 b5 6. b3 Bg4 7. h3 Bxf3 8. Qxf3 e6 9. Bd2 Be7 10.
Bd3 O-O 11. O-O Nbd7 12. Rfd1 b4 13. Na4 a5 14. Qe2 Nb6 15. c5 Nxa4 16. bxa4 e5 17. a3 bxa3 18. dxe5 Nd7 19. f3 Bxc5 20. f4 Bb4 21.
Bc1 Qe7 22. Qc2 Nb6 23. Qxc6 Rab8 24. Bf5 g6 25. Bg4 h5 26. Bf3 Rfc8 27. Qf6 Qd7 28. Bxa3 Bxa3 29. Rxa3 Qe6 30. Qg5 1-0

[Event "Early-Titled-Tuesday-Blitz-March-12-2024"]
[Site "Chess.com"]
[Date "2024.03.12"]
[Round "8"]
[White "nelsi"]
[Black "TregubovP"]
[Result "0-1"]
[WhiteElo "2416"]
[BlackElo "2671"]
[TimeControl "180+1"]
[EndTime "9:26:35 PDT"]
[Termination "TregubovP won by checkmate"]

1. e4 c5 2. Nf3 e6 3. Nc3 Nc6 4. Bb5 Nge7 5. O-O a6 6. Bxc6 Nxc6 7. d4 cxd4 8. Nxd4 d6 9. Nxc6 bxc6 10. e5 d5 11. a3 Be7 12. f4 O-O 13. b4 a5 14.
Rb1 axb4 15. axb4 Ba6 16. Rf3 Rb8 17. Rh3 g6 18. b5 Bxb5 19. Nxb5 Rxb5 20. Rxb5 cxb5 21.
Rb3 Qb6+ 22. Be3 Bc5 23. Bxc5 Qxc5+ 24. Kh1 Rc8 25. h3 Qf2 26. Qg4 Rxc2 27. Qg5 Rc8 28. Rf3 Qe1+ 29. Kh2 Qe4 30. h4 b4 31. h5 Qf5 32. Qxf5 gxf5 33. Rb3 Rc4 34. g3 Kg7 35. Kg2 Kh6 36. Kf3 Kxh5 37. Rb1 Rc3+ 38. Kf2 b3 39. Rh1+ Kg6 40. Rb1 h5 41. Kg2 h4 42. gxh4 Kh5 43.
Kf2 Kxh4 44. Rg1 b2 45. Rb1 Rb3 46. Ke2 Kg4 47. Kd2 Kxf4 48. Kc2 Rb5 49. Ra1 bxa1=Q 50. Kd3 Qd1+ 51. Kc3 Rb3# 0-1

[Event "Early-Titled-Tuesday-Blitz-March-12-2024"]
[Site "Chess.com"]
[Date "2024.03.12"]
[Round "8"]
[White "agvega14"]
[Black "Gabcur"]
[Result "0-1"]
[WhiteElo "2190"]
[BlackElo "2311"]
[TimeControl "180+1"]
[EndTime "9:26:39 PDT"]
[Termination "Gabcur won on time"]

1. d4 d5 2. c4 c6 3. Nc3 Nf6 4. e3 e6 5. Nf3 Nbd7 6. Bd3 dxc4 7. Bxc4 b5 8. Bd3 Bb7 9. e4 b4 10. Na4 c5 11. e5 Nd5 12. O-O cxd4 13. Bg5 Be7 14. Qd2 h6 15. Bxe7 Qxe7 16. Rfe1 O-O 17. Nxd4 Rac8 18. Nb5 Ba8 19. Nxa7 Rb8 20. Nb5 Qh4 21. g3 Qh5 22. Be2 Qxe5 23. Bf3 Qf6 24.
Nd4 e5 25. Bxd5 Bxd5 26. Nf5 Bc6 27. Qd6 Bxa4 28. Qxf6 gxf6 29. b3 Bc6 30. Ne7+ Kg7 31.
Nxc6 Rb6 32. Ne7 Nc5 33. Nf5+ Kg6 34. Ne3 Ne6 0-1

[Event "Early-Titled-Tuesday-Blitz-March-12-2024"]
[Site "Chess.com"]
[Date "2024.03.12"]
[Round "8"]
[White "IwkooO"]
[Black "temus_galaktionov"]
[Result "1/2-1/2"]
[WhiteElo "2685"]
[BlackElo "2861"]
[TimeControl "180+1"]
[EndTime "9:26:40 PDT"]
[Termination "Game drawn by agreement"]

1. e4 c6 2. d4 g6 3. Nc3 Bg7 4. f4 d6 5. Be3 Nd7 6. Nf3 e5 7. Qd2 Ngf6 8. dxe5 dxe5 9. Nxe5 Nxe5 10. Qxd8+ Kxd8 11. fxe5 Ng4 12. Bg5+ Ke8 13. Bc4 Nxe5 14. Bb3 h6 15. Bf4 Ke7 16. O-O Be6 17. Rad1 Rad8 18. Be3 b6 19. h3 Nc4 20. Bc1 b5 21. Rd3 Ne5 22. Rxd8 Rxd8 23. Be3 Nc4 24. Bxa7 Nxb2 25. Bc5+ Kd7 26. Ne2 Na4 27. Rd1+ Ke8 28. Rxd8+ Kxd8 29. Bxe6 fxe6 30. Be3 Kd7 31. Kf2 Kd6 32. Kf3 c5 33. h4 b4 34. Nf4 Nc3 35. Nxg6 Nxa2 36. Bf4+ Kc6 37. Be5 Bxe5 38. Nxe5+ Kd6 39. Nc4+ Ke7 40. g4 Kf6 41. Kf4 Nc3 42. g5+ hxg5+ 43. hxg5+ Kg6 44. Ne5+ Kg7 45. Nd3 Ne2+ 46. Ke5 Nd4 47. Nxb4 Kg6 48.
Nd3 Nxc2 49. Nxc5 Kxg5 50. Nxe6+ Kg6 51. Kd6 Ne3 52. Nf4+ Kg5 53. Nd5 Nc4+ 54. Ke6 Kg4 1/2-1/2

[Event "Early-Titled-Tuesday-Blitz-March-12-2024"]
[Site "Chess.com"]
[Date "2024.03.12"]
[Round "8"]
[White "Roedor"]
[Black "MikeWizard"]
[Result "1/2-1/2"]
[WhiteElo "2266"]
[BlackElo "2085"]
[TimeControl "180+1"]
[EndTime "9:26:40 PDT"]
[Termination "Game drawn by repetition"]

1. c4 Nf6 2. g3 g6 3. Bg2 Bg7 4.
Nc3 O-O 5. Nf3 Nc6 6. O-O e5 7. d3 d6 8. Rb1 a5 9. a3 h6 10. b4 axb4 11. axb4 Be6 12. Nd2 Qc8 13. b5 Ne7 14. Nde4 Nxe4 15. Nxe4 f5 16. Nc3 Kh7 17. Bd2 c6 18. bxc6 bxc6 19. Qb3 Qc7 20. Qb7 Rfc8 21. e4 Ra7 22. Qxc7 Rcxc7 23. Rb8 Rc8 24.
Rfb1 g5 25. Rxc8 Bxc8 26. exf5 Bxf5 27. Be4 Kg6 28. g4 Bxe4 29. Nxe4 d5 30. cxd5 cxd5 31. Rb6+ Kf7 32. Nd6+ Kg8 33. Kg2 Ra3 34. Rb7 Ng6 35.
Nf5 Nh4+ 36. Nxh4 gxh4 37. Rb8+ Kf7 38. Rb7+ Kg6 39. Rb6+ Kh7 40. Rb7 Rxd3 41. Bb4 h3+ 42. Kf1 Kg6 43. Rb6+ Kf7 44. Rb7+ Kg6 45. Rb6+ Kf7 46.
Rb7+ Kg6 1/2-1/2

[Event "Early-Titled-Tuesday-Blitz-March-12-2024"]
[Site "Chess.com"]
[Date "2024.03.12"]
[Round "8"]
[White "rasmussvane"]
[Black "Alexchess1984"]
[Result "1-0"]
[WhiteElo "2958"]
[BlackElo "2747"]
[TimeControl "180+1"]
[EndTime "9:26:42 PDT"]
[Termination "rasmussvane won by resignation"]

1. c4 g6 2. d4 Bg7 3. Nf3 Nf6 4. Nc3 d6 5. e4 O-O 6. Bd3 Nc6 7. d5 Nb8 8. O-O e6 9. dxe6 Bxe6 10. h3 Nc6 11. Bf4 h6 12. Qd2 Kh7 13. Rad1 Nd7 14. b3 Nde5 15.
Be2 Nxf3+ 16. Bxf3 Qf6 17. Nd5 Bxd5 18. exd5 Nd4 19.
Be4 Rae8 20. Rfe1 Nf5 21. g3 Nd4 22. Kg2 Kg8 23. h4 Nf5 24. Bxf5 gxf5 25. Qa5 Qc3 26. Qxc3 Bxc3 27. Re3 Rxe3 28. Bxe3 Kg7 29. Kf3 Be5 30. b4 b6 31. Rd3 Ra8 32. Ra3 a5 33. bxa5 Rxa5 34. Rxa5 bxa5 35. a4 h5 36. Bd2 Bd4 37. Bxa5 1-0

[Event "Early-Titled-Tuesday-Blitz-March-12-2024"]
[Site "Chess.com"]
[Date "2024.03.12"]
[Round "8"]
[White "Triumphmate"]
[Black "IndianSchoolOfSuffering"]
[Result "1-0"]
[WhiteElo "2523"]
[BlackElo "2393"]
[TimeControl "180+1"]
[EndTime "9:26:43 PDT"]
[Termination "Triumphmate won by resignation"]

1. e4 c5 2. Nf3 d6 3. d4 cxd4 4. Nxd4 Nf6 5. Nc3 a6 6. f4 e5 7. Nf3 Nbd7 8. Bd3 Be7 9. O-O b5 10. a3 Bb7 11. Kh1 Rc8 12. Qe1 Qc7 13. Bd2 Nc5 14. Nh4 exf4 15. Bxf4 Ne6 16. Be3 Ng4 17. Bg1 Ne5 18. Nf5 Bf6 19. Nd5 Bxd5 20. exd5 Nc5 21.
Qg3 O-O 22. Rae1 Ncxd3 23. cxd3 Rfe8 24. Bd4 Kh8 25. h3 Qd7 26. b4 Rc2 27. Ne3 Rd2 28. Ng4 Nxg4 29. Qxg4 Rxe1 30. Rxe1 Qd8 31. Bb6 Qf8 32.
Qd7 Be5 33. d4 Bg3 34. Rf1 h5 35. Qf5 g6 36. Qg5 h4 37. Qxd2 1-0

[Event "Early-Titled-Tuesday-Blitz-March-12-2024"]
[Site "Chess.com"]
[Date "2024.03.12"]
[Round "8"]
[White "Zq1"]
[Black "Egor_Koshulyan"]
[Result "1-0"]
[WhiteElo "2602"]
[BlackElo "2755"]
[TimeControl "180+1"]
[EndTime "9:26:44 PDT"]
[Termination "Zq1 won by resignation"]

1. d4 Nf6 2. c4 e5 3. dxe5 Ng4 4. Bf4 Bb4+ 5. Nc3 Nc6 6. Nf3 Qe7 7.
Qd5 Bxc3+ 8. bxc3 f6 9. exf6 Nxf6 10. Qd3 d6 11. g3 O-O 12. Bg2 Ne5 13. Bxe5 dxe5 14.
O-O e4 15. Qe3 Bf5 16. h3 c5 17. Nh4 Be6 18. f4 Bxc4 19. Nf5 Qc7 20. g4 Rfe8 21. Rae1 Rad8 22. g5 Nd5 23. Qg3 Qf7 24. Ne3 Nxc3 25. Nxc4 Qxc4 26. Qe3 Nd5 27. Qb3 Qxb3 28. axb3 Ne3 29.
Rf2 Nc2 30. Rc1 Rd2 31. e3 Red8 32. Rxc2 Rxc2 33. Rxc2 Rd3 34. Rxc5 Rxe3 35. Rc8+ Kf7 36. Rc7+ Kg6 37. Rxb7 Re2 38. Kf1 Re3 39. Kf2 Rc3 40.
Bxe4+ Kh5 41. Rxg7 h6 42. Bf3+ Kh4 43. gxh6 a5 44. h7 Rc8 45. Rg8 Rc2+ 46. Be2 1-0

[Event "Early-Titled-Tuesday-Blitz-March-12-2024"]
[Site "Chess.com"]
[Date "2024.03.12"]
[Round "8"]
[White "lilylg"]
[Black "LuisFSiles"]
[Result "0-1"]
[WhiteElo "2151"]
[BlackElo "2298"]
[TimeControl "180+1"]
[EndTime "9:26:45 PDT"]
[Termination "LuisFSiles won by resignation"]

1. d4 Nf6 2. c4 g6 3. d5 Bg7 4. Nc3 O-O 5. e4 d6 6. h3 c5 7.
Nf3 e6 8. Be2 exd5 9. exd5 Bf5 10.
O-O Ne4 11. Nxe4 Bxe4 12. Bd3 Bxf3 13. Qxf3 Nd7 14. Bf4 Ne5 15. Bxe5 Bxe5 16. Rab1 Qh4 17. b4 cxb4 18. Rxb4 b6 19. Rb3 Rfe8 20. Re1 Bh2+ 21. Kxh2 Rxe1 22. a4 Qe7 23. a5 Qe5+ 24. g3 h5 25.
axb6 axb6 26. Rxb6 h4 27. Rb7 hxg3+ 28. Kg2 f5 29.
Qxg3 Qxg3+ 30. Kxg3 Ra3 31. Kf4 Rxd3 32. Kg5 Rxh3 33. Kf6 Re8 34. Rg7+ Kh8 35. Kxg6 Rg8 36. Rxg8+ Kxg8 37. Kxf5 Rf3+ 38. Ke6 Rc3 39. Kxd6 Rxc4 40.
f3 Rd4 41. Ke6 Kf8 42. d6 Ke8 43. Ke5 Rd1 44. f4 Kd7 45. f5 Rxd6 46. f6 Rd1 47.
Kf5 Ke8 48. Kg6 Rg1+ 49. Kh7 Kf7 50. Kh6 Kxf6 51. Kh7 0-1

[Event "Early-Titled-Tuesday-Blitz-March-12-2024"]
[Site "Chess.com"]
[Date "2024.03.12"]
[Round "8"]
[White "shirovin"]
[Black "PetrolulSah"]
[Result "0-1"]
[WhiteElo "2068"]
[BlackElo "2226"]
[TimeControl "180+1"]
[EndTime "9:26:46 PDT"]
[Termination "PetrolulSah won on time"]

1. d4 e5 2. c3 e4 3. Bf4 d5 4.
e3 Bd6 5. Bxd6 Qxd6 6. Ne2 Ne7 7. g3 O-O 8. Nf4 Ng6 9. Nxg6 fxg6 10. Bg2 h5 11. h3 Qa6 12. Qe2 Be6 13. Nd2 c5 14.
Qxa6 Nxa6 15. O-O b5 16. Nb3 c4 17. Nd2 Rab8 18. a4 b4 19. Rab1 b3 20. f3 exf3 21. Nxf3 Bf5 22. Rbe1 Nc7 23. Ne5 Be6 24. Nc6 Rbe8 25.
Nxa7 Ra8 26. Nb5 Nxb5 27. axb5 Ra2 28. Re2 Rxf1+ 29. Kxf1 Kf7 30. e4 dxe4 31. Bxe4 Bxh3+ 32. Kf2 Bg4 33. Rd2 Ke6 34. b6 Kd7 35. d5 Ra6 36. b7 Rb6 37. d6 Bf5 38. Bf3 g5 39. Rd4 g4 40. Bg2 g6 41. Bh1 g5 42. Bg2 Be6 43. Be4 h4 44. Bg2 h3 45. Bh1 h2 46.
Bg2 Bf5 47. Rd5 Be6 48. Rxg5 Kxd6 49. Rg7 Bd7 50. Rg8 Kc7 51. Rg7 Rb5 0-1

[Event "Early-Titled-Tuesday-Blitz-March-12-2024"]
[Site "Chess.com"]
[Date "2024.03.12"]
[Round "8"]
[White "masnyszachistaaa"]
[Black "Cheer_Down"]
[Result "0-1"]
[WhiteElo "2543"]
[BlackElo "2437"]
[TimeControl "180+1"]
[EndTime "9:26:49 PDT"]
[Termination "Cheer_Down won on time"]

1. e4 e5 2. Nf3 Nc6 3. d4 exd4 4.
Bc4 Nf6 5. e5 Ne4 6. Qe2 Nc5 7.
O-O Be7 8. Rd1 Ne6 9. Bxe6 fxe6 10. Nxd4 Nxd4 11. Rxd4 O-O 12. Rg4 b6 13. Nc3 Bb7 14. Ne4 Qe8 15. Bh6 Rf7 16. Rd1 Kh8 17. Bg5 h6 18. Bc1 Bc6 19. c4 Qf8 20. Rd3 Rf5 21. f4 Qf7 22. Ng3 Bc5+ 23. Kh1 Rf8 24. Nxf5 exf5 25.
Rgg3 Qxc4 26. Qd1 Qxa2 27. Qh5 Qf7 28. Rg6 Kg8 29. Qxh6 Re8 30. Rdg3 Bf8 31. Rh3 Qc4 32. Qh7+ Kf7 33. Rxg7+ Bxg7 34. Qxf5+ Ke7 35. Qg5+ Kf7 36. Qf5+ Kg8 37. Qh7+ Kf8 38. Qf5+ Ke7 0-1

[Event "Early-Titled-Tuesday-Blitz-March-12-2024"]
[Site "Chess.com"]
[Date "2024.03.12"]
[Round "8"]
[White "BeardedNM"]
[Black "IsaqueGoncalvesSanto"]
[Result "1-0"]
[WhiteElo "2237"]
[BlackElo "1816"]
[TimeControl "180+1"]
[EndTime "9:26:49 PDT"]
[Termination "BeardedNM won on time"]

1. e4 e6 2. d4 d5 3. e5 c5 4. c3 Nc6 5. Nf3 Qb6 6. a3 c4 7. Nbd2 Na5 8. g3 Bd7 9. Bg2 Ne7 10. O-O Nc8 11. Rb1 Qc7 12. Ne1 Nb6 13. Qf3 Ba4 14.
h4 h6 15. Bh3 O-O-O 16. Kh2 Kb8 17. Qe2 g5 18. h5 Bg7 19. f4 Rde8 20. Ndf3 f6 21.
exf6 Bxf6 22. fxg5 hxg5 23. Nxg5 Be7 24. Nxe6 Qc6 25.
Ng7 Bd6 26. Nxe8 Rxe8 27. Qf2 Nb3 28. Bf4 Bxf4 29. Qxf4+ Ka8 30. Nf3 Nd7 31. Rbe1 Rh8 32. Qf7 Nb8 33. Ne5 Qh6 34. Bg4 Qd2+ 35. Re2 1-0

[Event "Early-Titled-Tuesday-Blitz-March-12-2024"]
[Site "Chess.com"]
[Date "2024.03.12"]
[Round "8"]
[White "dropstoneDP"]
[Black "Dyadya81"]
[Result "1/2-1/2"]
[WhiteElo "2993"]
[BlackElo "2926"]
[TimeControl "180+1"]
[EndTime "9:26:50 PDT"]
[Termination "Game drawn by repetition"]

1. e4 c6 2. d4 d5 3. e5 Bf5 4.
Nf3 e6 5. Be2 Ne7 6. c3 h6 7.
O-O Nd7 8. Nbd2 a5 9. a4 Nc8 10. Re1 Ncb6 11. Nf1 Bg6 12. Bd3 Bxd3 13. Qxd3 c5 14.
Qb5 Qc7 15. Bf4 Qc6 16. Qd3 Nxa4 17. b3 Nab6 18. Ne3 Be7 19. h4 c4 20. bxc4 dxc4 21. Qe2 a4 22. Nd2 a3 23. Ndxc4 Nxc4 24. Qxc4 Qxc4 25. Nxc4 b5 26. Ne3 Kf8 27. Reb1 Ra5 28. h5 g5 29. hxg6 fxg6 30. Rb3 Kf7 31. Ra2 Nb6 32. Kf1 Rha8 33. Ke2 g5 34. Bg3 Nc4 35. Nxc4 bxc4 36. Rb7 R5a7 37. Rb5 Kg6 38. f3 h5 39. Bf2 Ra6 40. Rb7 Bd8 41. Be3 Rb6 42. Rxb6 Bxb6 43. Bc1 Bd8 44. Rxa3 Rxa3 45. Bxa3 Ba5 46.
Bb4 Bb6 47. g4 h4 48. Kf1 Bc7 49. Kg2 Bb6 50. Kh3 Bc7 51. Kg2 Bb6 52. Kh3 Bc7 53. Kg2 1/2-1/2

[Event "Early-Titled-Tuesday-Blitz-March-12-2024"]
[Site "Chess.com"]
[Date "2024.03.12"]
[Round "8"]
[White "ChessQueen"]
[Black "BogdanDeac"]
[Result "0-1"]
[WhiteElo "2759"]
[BlackElo "3039"]
[TimeControl "180+1"]
[EndTime "9:26:52 PDT"]
[Termination "BogdanDeac won by resignation"]

1. Nf3 d5 2. g3 Nf6 3. Bg2 e6 4. O-O Be7 5. d3 O-O 6. Bf4 b6 7. c4 Bb7 8. Nc3 Nh5 9. cxd5 Nxf4 10. gxf4 exd5 11. d4 Nd7 12. Kh1 c5 13. Rg1 Nf6 14.
e3 Bd6 15. Bh3 Kh8 16. Rc1 a6 17. Qc2 g6 18. Rg2 Qe7 19. Qb3 b5 20. Ne2 Bc8 21. Bxc8 Raxc8 22. dxc5 Bxc5 23. Rd1 Rfd8 24. Ned4 Ne4 25.
Kg1 Qf6 26. Qd3 Bb6 27. Ne5 Rc7 28. f3 Nc5 29. Qb1 Ne6 30. Ng4 Qe7 31. Nxe6 Qxe6 32. Qd3 d4 33. e4 Qxa2 34. f5 Qc4 35. Qd2 d3+ 36. Kh1 Qc2 37. Qxc2 Rxc2 38. Ne5 Kg7 39. Nxd3 Rxd3 40. Rxd3 Rc1+ 0-1

[Event "Early-Titled-Tuesday-Blitz-March-12-2024"]
[Site "Chess.com"]
[Date "2024.03.12"]
[Round "8"]
[White "Firouzja2003"]
[Black "sergoy"]
[Result "0-1"]
[WhiteElo "3137"]
[BlackElo "3030"]
[TimeControl "180+1"]
[EndTime "9:26:54 PDT"]
[Termination "sergoy won on time"]

1. Nf3 d5 2. g3 g6 3. Bg2 Bg7 4. O-O e5 5. d3 Ne7 6. Nbd2 O-O 7.
e4 Nbc6 8. a3 h6 9. b4 a6 10.
Bb2 d4 11. Nb3 b6 12. c3 dxc3 13. Bxc3 Be6 14. Qc2 Qd7 15. Rfd1 Nd4 16. Bxd4 exd4 17. Rac1 Rac8 18. Qb2 Rfd8 19. h4 Qa4 20. Nbd2 a5 21.
b5 c6 22. bxc6 Rxc6 23. e5 Rxc1 24. Rxc1 Nd5 25. Ne4 Bf5 26. Nd6 Bxd3 27. Qa2 Nc3 28. Qxf7+ Kh7 29. Re1 Ne2+ 30. Kh2 Qxa3 31. h5 gxh5 32.
Nh4 Rf8 33. Qb7 Rxf2 34. Ne4 Bc2 0-1

[Event "Early-Titled-Tuesday-Blitz-March-12-2024"]
[Site "Chess.com"]
[Date "2024.03.12"]
[Round "8"]
[White "MatthewG-p4p"]
[Black "Maxfan2008"]
[Result "1-0"]
[WhiteElo "2888"]
[BlackElo "2623"]
[TimeControl "180+1"]
[EndTime "9:26:54 PDT"]
[Termination "MatthewG-p4p won by resignation"]

1. e4 c5 2. c3 d5 3. exd5 Qxd5 4. d4 Nc6 5. Nf3 Bg4 6. dxc5 Qxd1+ 7. Kxd1 e5 8. b4 e4 9. h3 Bh5 10. g4 exf3 11.
gxh5 Nf6 12. Kc2 O-O-O 13. Nd2 a5 14. a3 Ne5 15. Nc4 Nxc4 16. Bxc4 Ne4 17. Be3 Be7 18. Bxf7 Bf6 19. Bf4 Kd7 20. Bd5 Nxc3 21. Bxb7 Ne2 22. Rad1+ Ke6 23. Be3 axb4 24. axb4 Nc3 25. Rxd8 Rxd8 26.
Bxf3 Rb8 27. Bd2 Rxb4 28. Bxc3 Rc4 29. Re1+ Kf5 30. Re3 Rxc5 31. Bg4+ Kf4 32. Kd2 Rd5+ 33. Ke2 Bxc3 34. Rxc3 Re5+ 35. Kf1 Re7 36. Rc4+ Kg5 37. Kg2 g6 38. hxg6 hxg6 39. Kg3 Ra7 40. h4+ Kh6 41.
Rc6 Ra3+ 42. f3 Ra7 43. h5 Rg7 44. Rxg6+ Rxg6 45. hxg6 Kxg6 46. Kf4 1-0